 Dungeon Crawl Stone Soup version 0.31.0-1-g2c135a0 (webtiles) character file.

Game seed: 17964702946469041979

181 mushindo the Chopper (level 5, -5/47 HPs)
             Began as a Gnoll Chaos Knight on Mar 8, 2024.
             Was a Plaything of Xom.
             Slain by Edmund the black mamba (11 damage)
             ... on level 4 of the Dungeon.
             The game lasted 00:26:48 (2804 turns).

mushindo the Chopper (Gnoll Chaos Knight)           Turns: 2804, Time: 00:26:50

Health: -5/47      AC:  8    Str: 11    XL:     5   Next: 61%
Magic:  7/7        EV: 12    Int: 14    God:    Xom [*.....]
Gold:   155        SH:  0    Dex: 11    Spells: 7/7 levels left

rFire   . . .        a - +0 hand axe (chaos)
rCold   . . .        (no shield)
rNeg    . . .        b - +2 leather armour
rPois   .            f - +2 helmet
rElec   .            (no cloak)
rCorr   .            (no gloves)
SInv    .            (no boots)
Will    .....        i - amulet of regeneration
Stlth   +            (no ring)
HPRegen 1.07/turn    (no ring)
MPRegen 0.10/turn

%: no passive effects
@: lethally poisoned (-5 -> -14)
A: fangs 1, strong nose, distributed training
a: Renounce Religion


You were on level 4 of the Dungeon.
You worshipped Xom.
You were a special plaything of Xom.
You visited 1 branch of the dungeon, and saw 4 of its levels.

You collected 155 gold pieces.

Inventory:

Hand Weapons
 a - a +0 hand axe of chaos (weapon)
 h - a +2 mace of venom
 j - a +2 club of chaos
Missiles
 e - 22 stones
Armour
 b - a +2 leather armour (worn)
 d - a +0 ring mail
 f - a +2 helmet (worn)
Jewellery
 i - an amulet of regeneration (around neck)
Wands
 n - a wand of mindburst (3)
Scrolls
 c - 2 scrolls of butterflies
 l - 5 scrolls of identify
Potions
 g - a potion of cancellation {unknown}
 m - 2 potions of degeneration {unknown}


   Skills:
 + Level 6.7 Fighting
 + Level 1.6 Short Blades
 + Level 1.6 Long Blades
 + Level 6.7 Axes
 + Level 1.6 Maces & Flails
 + Level 1.6 Polearms
 + Level 1.6 Staves
 + Level 1.6 Ranged Weapons
 + Level 1.6 Throwing
 + Level 4.8 Armour
 + Level 3.0 Dodging
 + Level 1.6 Stealth
 + Level 1.6 Shields
 + Level 1.6 Unarmed Combat
 + Level 1.6 Spellcasting
 + Level 1.3 Conjurations
 + Level 1.3 Hexes
 + Level 1.3 Summonings
 + Level 1.3 Necromancy
 + Level 1.3 Translocations
 + Level 1.3 Fire Magic
 + Level 1.3 Ice Magic
 + Level 1.3 Air Magic
 + Level 1.3 Earth Magic
 + Level 1.3 Alchemy
 + Level 1.8 Invocations
 + Level 1.6 Evocations
 + Level 1.4 Shapeshifting


You had 7 spell levels left.
You didn't know any spells.
Your spell library contained the following spells:

 Spells                   Type           Power      Damage    Failure   Level
 Freeze                   Ice            16%        1d4       19%         1
 Frozen Ramparts          Ice            8%         1d2       50%         3
 Hailstorm                Conj/Ice       4%         3d5       50%         3


Dungeon Overview and Level Annotations

Branches:
Dungeon (4/15)
 Temple: D:4-7

Altars:

Annotations:
D:4 Edmund, Pikel, Sigmund


Innate Abilities, Weirdness & Mutations

You have very sharp teeth.
Your uncanny sense of smell can sniff out nearby items.
Your experience applies equally to all skills.


Message History

You completely miss the adder. Edmund bites you.
You are poisoned.
Edmund poisons you! The adder bites you but does no damage.
Edmund closely misses you. The adder closely misses you. Edmund bites you!
You hit Edmund.
The acid corrodes Edmund!
Edmund is heavily wounded.
You catch the helpless adder completely off-guard!
You hit the adder.
Nothing appears to happen.
You feel very sick. Edmund misses you. The adder barely misses you.
Edmund bites you.
You are more poisoned.
Edmund poisons you! The adder bites you but does no damage.
You hit Edmund.
Edmund becomes as fragile as glass!
Edmund is severely wounded.
You strike the helpless adder from behind!
You hit the adder.
You feel extremely sick. "Hum-dee-hum-dee-hum..."
The hobgoblin suddenly seems more resistant.
The adder stops moving altogether!
Edmund barely misses you. Edmund closely misses you. Edmund bites you!
You closely miss Edmund.
Edmund is heavily wounded.
The helpless adder fails to defend itself.
You hit the adder. Lightning courses through the adder!
You kill the adder!
* * * LOW HITPOINT WARNING * * *
You emit a cloud of colourful smoke!
You feel very sick. Edmund misses you. Edmund closely misses you.
Edmund bites you but does no damage.
Your life force feels restored.
You barely miss Edmund.
Edmund is heavily wounded.
You hit the hobgoblin.
* * * LOW HITPOINT WARNING * * *
You feel very sick. Edmund bites you!
You die...
Xom giggles madly!

.# ... .... .... ....###
#.... #......###
......######
.........##............##
#........<#...........[.##
......>.......# ......#..#
........g§§...#.......#..#
........§@§.....##........
...##...§S...............#
## #.............>.....#.#
.. #................#.##..
##...............#.#..# .#
. #(...(...............#
.. ..
###.(..#............... ##
...
##...####.#.#.....5.....
.. ....###...##
##.###.#.....##.#


You could see Edmund the black mamba (fast, corroded, vitrified) and a hobgoblin
(resistant, confused).

Vanquished Creatures
  Ijyb (D:3)
  An orc wizard (D:3)
  7 adders
  A dart slug (D:2)
  5 orcs (D:3)
  5 bats (D:1)
  2 endoplasms
  2 giant cockroaches
  11 goblins
  6 hobgoblins
  4 quokkas
  4 ball pythons
  4 frilled lizards
  3 kobolds
  3 rats
59 creatures vanquished.

Vanquished Creatures (collateral kills)
  An endoplasm (D:3)
1 creature vanquished.

Vanquished Creatures (others)
  A hobgoblin (D:2)
1 creature vanquished.

Grand Total: 61 creatures vanquished

Notes
Turn   | Place    | Note
-------+----------+-------------------------------------------
     0 | D:1      | mushindo the Gnoll Chaos Knight began the quest for the
                  | Orb.
     0 | D:1      | Reached XP level 1. HP: 23/23 MP: 1/1
   152 | D:1      | Reached XP level 2. HP: 29/29 MP: 2/2
   546 | D:1      | XOM: torment (16/29 hp)
   642 | D:1      | XOM: stat loss: -1 Str (10/11)
   898 | D:2      | Reached XP level 3. HP: 35/35 MP: 2/4
  1022 | D:2      | Reached skill level 1 in Invocations
  1031 | D:2      | XOM: noise
  1096 | D:2      | XOM: chaos upgrade
  1111 | D:2      | Reached skill level 1 in Short Blades
  1111 | D:2      | Reached skill level 1 in Long Blades
  1111 | D:2      | Reached skill level 1 in Maces & Flails
  1111 | D:2      | Reached skill level 1 in Polearms
  1111 | D:2      | Reached skill level 1 in Staves
  1111 | D:2      | Reached skill level 1 in Ranged Weapons
  1111 | D:2      | Reached skill level 1 in Throwing
  1111 | D:2      | Reached skill level 1 in Stealth
  1111 | D:2      | Reached skill level 1 in Shields
  1111 | D:2      | Reached skill level 1 in Unarmed Combat
  1111 | D:2      | Reached skill level 1 in Spellcasting
  1111 | D:2      | Reached skill level 1 in Evocations
  1308 | D:2      | Reached skill level 1 in Shapeshifting
  1308 | D:2      | Reached XP level 4. HP: 33/41 MP: 5/5
  1415 | D:2      | Reached skill level 1 in Conjurations
  1415 | D:2      | Reached skill level 1 in Hexes
  1415 | D:2      | Reached skill level 1 in Summonings
  1415 | D:2      | Reached skill level 1 in Necromancy
  1415 | D:2      | Reached skill level 1 in Translocations
  1415 | D:2      | Reached skill level 1 in Fire Magic
  1415 | D:2      | Reached skill level 1 in Ice Magic
  1415 | D:2      | Reached skill level 1 in Air Magic
  1415 | D:2      | Reached skill level 1 in Earth Magic
  1415 | D:2      | Reached skill level 1 in Alchemy
  1450 | D:2      | XOM: draining
  1697 | D:3      | XOM: polymorph adder -> frilled lizard
  1826 | D:3      | XOM: 2-stop teleportation journey
  2291 | D:3      | Reached XP level 5. HP: 43/47 MP: 5/7
  2295 | D:3      | Noticed Ijyb
  2353 | D:3      | XOM: confuse monster(s)
  2353 | D:3      | Killed Ijyb
  2480 | D:3      | XOM: summons 1 hostile shadow creature
  2618 | D:4      | Noticed a lemure
  2709 | D:4      | Noticed Sigmund
  2742 | D:4      | Noticed Pikel
  2744 | D:4      | Noticed a lemure
  2744 | D:4      | Noticed a lemure
  2744 | D:4      | Noticed a lemure
  2751 | D:4      | XOM: cleaving
  2760 | D:4      | Noticed Edmund
  2763 | D:4      | XOM: summons 2 friendly demons
  2771 | D:4      | XOM: fog
  2789 | D:4      | XOM: confuse monster(s)
  2791 | D:4      | XOM: blink monster(s)
  2797 | D:4      | Edmund changed into Edmund the black mamba
  2797 | D:4      | Noticed Edmund
  2797 | D:4      | XOM: polymorph Edmund -> Edmund the black mamba
  2802 | D:4      | XOM: enchant monster (bad)
  2803 | D:4      | XOM: smoke on damage
  2804 | D:4      | Slain by Edmund the black mamba

Illustrated notes

Levels and vault maps discovered:
D:1:      wheals_arrival_linesprint, layout_basic
D:2:      layout_loops_cross
D:3:      layout_basic, uniq_ijyb
D:4:      layout_cave_pools, minmay_temple_entry_ruins, uniq_pikel, uniq_edmund,
          uniq_sigmund

Skill      XL: |  1  2  3  4 |
---------------+-------------+-----
Invocations    | 1 |  1.8
Short Blades   | 1 |  1.6
Long Blades    | 1 |  1.6
Maces & Flails | 1 |  1.6
Polearms       | 1 |  1.6
Staves         | 1 |  1.6
Ranged Weapons | 1 |  1.6
Throwing       | 1 |  1.6
Stealth        | 1 |  1.6
Shields        | 1 |  1.6
Unarmed Combat | 1 |  1.6
Spellcasting   | 1 |  1.6
Evocations     | 1 |  1.6
Shapeshifting  | 1 |  1.4
Conjurations   | 1 |  1.3
Hexes          | 1 |  1.3
Summonings     | 1 |  1.3
Necromancy     | 1 |  1.3
Translocations | 1 |  1.3
Fire Magic     | 1 |  1.3
Ice Magic      | 1 |  1.3
Air Magic      | 1 |  1.3
Earth Magic    | 1 |  1.3
Alchemy        | 1 |  1.3
Dodging        | 3 |  3.0
Fighting       | |  6.7
Axes           | |  6.7
Armour         | |  4.8

Action                     |  1- 3 |  4- 6 || total
---------------------------+-------+-------++-------
  Melee: Hand axe          |    82 |    93 ||   175
         Bite              |     3 |     8 ||    11
  Throw: Javelin           |       |     7 ||     7
  Evoke: Wand              |       |     1 ||     1
    Use: Scroll            |     3 |       ||     3
         Potion            |     2 |       ||     2
   Stab: Sleeping          |     3 |       ||     3
         Invisible         |     1 |       ||     1
         Petrified         |     1 |     1 ||     2
         Paralysed         |       |     2 ||     2
         Distracted        |       |     1 ||     1
         Petrifying        |       |     3 ||     3
         Confused          |       |     1 ||     1
 Armour: Leather armour    |    58 |    65 ||   123
  Dodge: Dodged            |    93 |    71 ||   164
